 Dungeon Crawl Stone Soup version 0.31-a0-885-gbe960a18b5 (webtiles) character file.

Game seed: 6317571549279419140

80018 Gargoyl the Protected (level 15, -6/142 HPs)
             Began as a Gargoyle Berserker on Oct 16, 2023.
             Was an Elder of Trog.
             Mangled by a skeletal warrior
             ... wielding a +0 dire flail
             ... led by a death knight
              (8 damage)
             ... on level 14 of the Dungeon.
             The game lasted 00:30:56 (21592 turns).

Gargoyl the Protected (Gargoyle Berserker)         Turns: 21592, Time: 00:30:57

Health: -6/142     AC: 27    Str: 21    XL:     15   Next: 65%
Magic:  15/15      EV: 17    Int:  9    God:    Trog [****..]
Gold:   1727       SH:  5    Dex: 18    Spells: 14/14 levels left

rFire   . . .        D - +11 great mace of Untimely Demise {drain, rCorr Dex+3}
rCold   . . .        (shield currently unavailable)
rNeg    + + .        r - +1 swamp dragon scales
rPois   ∞            (no helmet)
rElec   +            E - +1 cloak
rCorr   +            (no gloves)
SInv    .            S - +0 pair of boots
Will    +....        G - amulet of reflection Stlth
                     b - ring of positive energy
HPRegen 1.43/turn    w - +4 ring of slaying
MPRegen 0.14/turn

%: reflection, clarity
@: berserking (expiring), weak-willed, strong-willed, flying, regenerating, very
quick
A: sickness immunity, AC +11, big wings, negative energy resistance 1,
electricity resistance, torment resistance 1, petrification resistance, clarity,
inability to drink after injury 1
a: Renounce Religion, Berserk, Trog's Hand, Brothers in Arms


You were on level 14 of the Dungeon.
You worshipped Trog.
Trog was greatly pleased with you.
You visited 2 branches of the dungeon, and saw 19 of its levels.
You also visited: Ossuary.

You collected 1727 gold pieces.

Inventory:

Hand Weapons
 c - a +2 trident of draining
 j - a +4 scythe of flaming
 q - a +5 hand axe of freezing
 D - the +11 great mace of Untimely Demise (weapon) {drain, rCorr Dex+3}
   (You found it on level 3 of the Lair of Beasts)

   Dex+3:     It affects your dexterity (+3).
   rCorr:     It protects you from acid and corrosion.
 F - a +2 hand axe of electrocution
Missiles
 v - 39 poisoned darts (quivered)
Armour
 r - +1 swamp dragon scales (worn)
 E - a +1 cloak (worn)
 S - a +0 pair of boots (worn)
Jewellery
 a - a ring of willpower
 b - a ring of positive energy (left hand)
 h - a ring of positive energy
 u - a +6 ring of intelligence
 w - a +4 ring of slaying (right hand)
 G - an amulet of reflection (around neck)
 H - a ring of see invisible
 J - a ring of magical power
 K - an amulet of guardian spirit
 N - a +6 ring of intelligence
 O - a ring of fire
 P - an amulet of the acrobat
 Q - the ring of Xom's Ringing Laughter {rF+ rC+}
   (You found it on level 12 of the Dungeon)

   [ring of protection from cold]

   rF+:       It protects you from fire.
   rC+:       It protects you from cold.
Wands
 f - a wand of paralysis (18)
 o - a wand of polymorph (23)
 x - a wand of mindburst (24)
 y - a wand of iceblast (9)
Scrolls
 p - 8 scrolls of teleportation
 s - 6 scrolls of identify
 z - 2 scrolls of vulnerability
 A - a scroll of poison
 L - a scroll of torment
 M - a scroll of fear
 R - a scroll of blinking
Potions
 d - 5 potions of enlightenment
 e - 2 potions of invisibility
 g - 4 potions of might
 i - 2 potions of lignification
 k - 5 potions of haste
 l - 2 potions of berserk rage
 m - 5 potions of magic
 n - 4 potions of curing
 t - a potion of resistance
 B - 9 potions of ambrosia
 C - 3 potions of attraction


   Skills:
 + Level 11.5 Fighting
 + Level 9.4(13.1) Axes
 + Level 11.4(13.0) Maces & Flails
 + Level 10.5(12.0) Polearms
 + Level 0.4 Throwing
 * Level 13.4 Armour
 * Level 10.9 Dodging
 + Level 4.2 Stealth
 + Level 2.1 Shields


You had 14 spell levels left.
You didn't know any spells.
Your spell library was empty.

Dungeon Overview and Level Annotations

Branches:
Dungeon (14/15)            Temple (0/1) D:7            Lair (5/5) D:8
  Swamp (0/4) Lair:3       Spider (0/4) Lair:3        Slime (0/5) Lair:4
    Orc (0/2) D:9          Vaults (0/5) D:14        Ossuary (visited)

Altars:
Ashenzari
Dithmenos
Fedhas
Gozag
Okawaru
Qazlal
Ru
Sif Muna
Vehumet
Xom
Zin
The Shining One

Shops:
D:1 !:   D:7 (   D:9 =   D:12 *

Annotations:
Lair:2 exclusion: 4 oklob plants


Innate Abilities, Weirdness & Mutations

You are immune to sickness and miasma.
Your stone body is resilient. (AC +11)
You are immune to poison.
Your large and strong wings let you fly.
You resist negative energy. (rN+)
You are resistant to electric shocks. (rElec)
You are resistant to unholy torment.
You are immune to petrification.
You possess an exceptional clarity of mind.
You occasionally lose the ability to drink potions when taking damage.


Message History

* * * LOW HITPOINT WARNING * * *
Your skin crawls.
You feel strong-willed. The death knight barely misses you.
A red film seems to cover your vision as you go berserk!
You feel yourself moving faster!
You feel mighty! The death knight completely misses you.
You hit the death knight.
The death knight is severely wounded.
The death knight reflects your damage back at you!
* * * LOW HITPOINT WARNING * * *
The death knight hits you with a +0 morningstar.
* * * LOW HITPOINT WARNING * * *
A freezing wraith comes into view.
You crush the death knight like a grape!!!
You kill the death knight!
Trog accepts your kill.
Your damage is reflected back at you!
* * * LOW HITPOINT WARNING * * *
Unknown command.
You thump the skeletal warrior!
The skeletal warrior is lightly damaged.
The skeletal warrior hits you with a +0 dire flail!
* * * LOW HITPOINT WARNING * * *
Unknown command.
You sock the skeletal warrior!
The skeletal warrior is moderately damaged.
You hear the steady crackling of a very distant melting archway.
You block the skeletal warrior's attack.
Unknown command.
You bludgeon the skeletal warrior!!
The skeletal warrior is severely damaged.
Unknown command.
You sock the skeletal warrior!
The skeletal warrior is severely damaged.
The freezing wraith hits you but does no damage.
The freezing wraith hits you.
* * * LOW HITPOINT WARNING * * *
The skeletal warrior hits you with a +0 dire flail!
You die...

.. . +. .. ..#####
...[. ##...###
####+## #......
......# #..zW#
.####.# #..@.#
....+.# #....#
.<..#.# ######....#
....#.###........>#
....#.##..####....#
....#.#).## #....#
.####.'.## #....#
......### #....#
.##'### ###.##


You could see a skeletal warrior and a freezing wraith.

Vanquished Creatures
  An eleionoma (Lair:3)
  A dire elephant (Lair:5)
  2 fire dragons
  Josephine (D:11)
  4 hydras
  4 vault guards (D:14)
  A rakshasa (D:14)
  A death knight (D:14)
  3 boulder beetles
  2 catoblepae
  8 death yaks
  A centaur warrior (D:14)
  A two-headed ogre (D:14)
  A tengu warrior (D:13)
  The ghost of Zigma the Grappler, a novice DrSh of Ignis (D:10)
  2 skysharks
  Amaemon (D:11)
  An orb spider (Lair:3)
  A swamp dragon (Lair:5)
  A phantasmal warrior (D:14)
  2 lindwurms (Lair:5)
  A deep elf pyromancer (D:13)
  2 cyclopes
  4 manticores
  2 oklob plants (Lair:4)
  An ugly thing (D:12)
  22 elephants
  3 black mambas
  Maggie (D:7)
  A torpor snail (Lair:5)
  2 gargoyles
  7 cane toads
  7 rime drakes
  Jeremiah (D:7)
  An orange demon (D:11)
  2 kobold demonologists (D:12)
  An unseen horror zombie (D:8)
  2 unseen horrors
  10 komodo dragons
  A freezing wraith (D:14)
  2 tengu conjurers
  2 queen bees
  A hornet (D:6)
  3 polar bears
  2 wolf spider simulacra (D:13)
  The ghost of vaulus the Insei, an amateur GnSh of the Shining One (D:4)
  8 blink frogs
  Sigmund (D:2)
  2 centaur simulacra (D:13)
  6 slime creatures
  A water elemental (D:13)
  3 shadows
  46 yaks
  5 wraiths
  11 wyverns
  A human (D:9)
  7 basilisks
  2 steam dragons
  6 vampire mosquitoes
  A neqoxec (D:10)
  A warg (D:9)
  Menkaure (D:4)
  3 acid dragons
  21 water moccasins
  3 swamp drakes (Lair:5)
  An ice beast (D:13)
  3 black bears
  2 ogres
  5 orc warriors
  A sky beast (D:7)
  2 hornet zombies
  15 wolves
  6 centaurs
  A gnoll sergeant (D:8)
  5 kobold brigands
  14 bullfrogs
  5 scorpions
  4 wyvern zombies
  A water moccasin zombie (Ossuary)
  9 wights
  A hornet simulacrum (D:13)
  53 killer bees
  11 howler monkeys
  6 electric eels (D:13)
  4 centaur zombies
  2 hounds (D:5)
  2 quasits (D:10)
  8 bullfrog zombies (Ossuary)
  8 orc priests
  5 iguanas
  3 sleepcaps
  Ijyb (D:3)
  A gnoll bouda (D:7)
  9 orc wizards
  4 hell rats (Lair:1)
  A killer bee zombie (Ossuary)
  10 mummies (Ossuary)
  4 howler monkey zombies (Ossuary)
  13 gnolls
  8 adders
  A river rat (Lair:2)
  3 white imps
  3 ufetubi
  3 worms (D:4)
  3 dart slugs
  40 orcs
  10 endoplasms
  3 giant cockroaches
  A hobgoblin (D:1)
  5 jackals (D:4)
  36 kobolds
  2 quokkas
  7 ball pythons
  4 bats
  5 frilled lizards
  11 goblins
  4 rats
620 creatures vanquished.

Vanquished Creatures (collateral kills)
  A boulder beetle (D:12)
  A hydra (D:14)
  A death yak (Lair:5)
  2 slime creatures (D:12)
  A lindwurm (Lair:5)
  A manticore (Lair:5)
  A cane toad (Lair:5)
  A komodo dragon (D:13)
  A blink frog (Lair:5)
  A yak (Lair:5)
  A water moccasin (Lair:5)
  An acid dragon (D:12)
  An orc warrior (D:12)
  A bullfrog (D:5)
  An iguana (Lair:5)
  An ufetubus (D:13)
  An orc (D:12)
18 creatures vanquished.

Vanquished Creatures (others)
  An iguana (Lair:5)
  An orc wizard (D:3)
  2 kobolds
4 creatures vanquished.

Grand Total: 642 creatures vanquished

Notes
Turn   | Place    | Note
-------+----------+-------------------------------------------
     0 | D:1      | Gargoyl the Gargoyle Berserker began the quest for the Orb.
     0 | D:1      | Reached XP level 1. HP: 14/14 MP: 1/1
    53 | D:1      | Found Wusafun's Distillery.
    83 | D:1      | Reached XP level 2. HP: 19/19 MP: 2/2
   411 | D:1      | Found Xeyps's Book Shop.
   813 | D:2      | Reached XP level 3. HP: 3/24 MP: 3/3
   952 | D:2      | Reached XP level 4. HP: 29/29 MP: 4/4
  1095 | D:2      | Noticed Sigmund
  1109 | D:2      | Killed Sigmund
  1110 | D:2      | Reached skill level 1 in Stealth
  1110 | D:2      | Reached XP level 5. HP: 20/34 MP: 5/5
  1110 | D:2      | Reached XP level 6. HP: 23/39 MP: 6/6
  2035 | D:3      | Noticed a water moccasin
  2044 | D:3      | Killed a water moccasin
  2045 | D:3      | Reached skill level 1 in Polearms
  2295 | D:3      | Reached XP level 7. HP: 44/44 MP: 7/7
  2390 | D:3      | Reached skill level 3 in Armour
  2514 | D:3      | Noticed Ijyb
  2525 | D:3      | Killed Ijyb
  2789 | D:3      | Found a blossoming altar of Fedhas.
  2980 | D:4      | Noticed Menkaure
  2991 | D:4      | Killed Menkaure
  3148 | D:4      | Reached ** piety under Trog
  3295 | D:4      | Reached skill level 4 in Armour
  3295 | D:4      | Reached XP level 8. HP: 48/48 MP: 8/8
  3386 | D:4      | Found a runed translucent door.
  3388 | D:4      | Noticed vaulus's ghost (amateur GnSh)
  3693 | D:4      | Killed vaulus's ghost
  3694 | D:4      | Reached skill level 5 in Fighting
  3733 | D:5      | Entered Level 5 of the Dungeon
  3808 | D:5      | Reached skill level 5 in Armour
  3899 | D:5      | Found a glowing silver altar of Zin.
  3959 | D:5      | Found a broken altar of Ashenzari.
  4434 | D:5      | Found a shadowy altar of Dithmenos.
  4498 | D:5      | Found an opulent altar of Gozag.
  4595 | D:5      | Found a shimmering blue altar of Sif Muna.
  4730 | D:6      | Reached skill level 5 in Polearms
  4792 | D:6      | Noticed a hornet
  4799 | D:6      | Killed a hornet
  4800 | D:6      | Reached skill level 6 in Armour
  4800 | D:6      | Reached XP level 9. HP: 54/54 MP: 9/9
  5063 | D:6      | Found a radiant altar of Vehumet.
  5207 | D:6      | Found a glowing golden altar of the Shining One.
  5334 | D:7      | Noticed Maggie
  5347 | D:7      | Killed Maggie
  5348 | D:7      | Reached skill level 7 in Armour
  5459 | D:7      | Reached skill level 5 in Dodging
  5586 | D:7      | Noticed Jeremiah
  5647 | D:7      | Found a sand-covered staircase.
  5658 | Ossuary  | Entered an ossuary
  6010 | Ossuary  | Reached XP level 10. HP: 55/60 MP: 10/10
  6334 | D:7      | Killed Jeremiah
  6335 | D:7      | Reached skill level 5 in Axes
  6532 | D:7      | Reached skill level 8 in Armour
  6589 | D:7      | Identified the +7 dagger of Optimality {pain, rElec rPois
                  | rF+++ Dex-3}
  6753 | D:7      | Found a staircase to the Ecumenical Temple.
  6926 | D:7      | Found Mudagh's Weapon Boutique.
  7634 | D:8      | Reached *** piety under Trog
  7799 | D:8      | Found a staircase to the Lair.
  7928 | D:8      | Found a stormy altar of Qazlal.
  8278 | Lair:1   | Entered Level 1 of the Lair of Beasts
  8437 | Lair:1   | Reached XP level 11. HP: 39/67 MP: 11/11
  8814 | Lair:1   | Reached skill level 9 in Armour
  8931 | Lair:1   | Noticed a boulder beetle
  8957 | Lair:1   | Killed a boulder beetle
 10172 | Lair:2   | Reached XP level 12. HP: 63/73 MP: 12/12
 10566 | Lair:2   | Reached skill level 10 in Armour
 10750 | Lair:2   | Noticed a six-headed hydra
 10764 | Lair:2   | Killed a one-headed hydra
 11001 | Lair:2   | Reached **** piety under Trog
 11033 | Lair:2   | Reached skill level 10 in Polearms
 12078 | Lair:3   | Found a staircase to the Swamp.
 12078 | Lair:3   | Noticed an eleionoma
 12092 | Lair:3   | Killed an eleionoma
 12093 | Lair:3   | Reached XP level 13. HP: 80/80 MP: 13/13
 12346 | Lair:3   | Identified the +11 great mace of Untimely Demise {drain,
                  | rCorr Dex+3}
 12405 | Lair:3   | Found a hole to the Spider Nest.
 12564 | Lair:3   | Reached skill level 1 in Maces & Flails
 13034 | Lair:4   | Reached skill level 11 in Armour
 13767 | Lair:4   | Reached skill level 10 in Fighting
 13906 | Lair:4   | Found a staircase to the Slime Pits.
 14218 | Lair:5   | Entered Level 5 of the Lair of Beasts
 14242 | Lair:5   | Reached skill level 5 in Maces & Flails
 14823 | Lair:5   | Gained mutation: Your large and strong wings let you fly.
                  | [Gargoyle growth]
 14823 | Lair:5   | Reached XP level 14. HP: 52/88 MP: 14/14
 15167 | Lair:5   | Reached skill level 12 in Armour
 15386 | Lair:5   | Noticed a dire elephant
 15406 | Lair:5   | Killed a dire elephant
 16518 | D:9      | You are sucked into a shaft and drop 2 floors!
 16539 | D:10     | Entered Level 10 of the Dungeon
 16539 | D:10     | Found a shimmering altar of Xom.
 16779 | D:11     | Reached skill level 10 in Dodging
 16941 | D:10     | Found a transporter.
 16959 | D:10     | Found a transporter.
 17090 | D:9      | Found a staircase to the Orcish Mines.
 17318 | D:9      | Found Xibuthrusu's Jewellery Shop.
 17779 | D:9      | Found an iron altar of Okawaru.
 17943 | D:9      | Found a sacrificial altar of Ru.
 18111 | D:10     | Identified the +0 ring mail of the Orcish Mines {rF+ rC+
                  | Int+5}
 18319 | D:10     | Noticed Zigma's ghost (novice DrSh)
 18348 | D:10     | Killed Zigma's ghost
 18463 | D:11     | Gained mutation: You possess an exceptional clarity of
                  | mind. [potion of mutation]
 18463 | D:11     | Gained mutation: You occasionally lose the ability to drink
                  | potions when taking damage. [potion of mutation]
 18983 | D:11     | Noticed Amaemon
 18990 | D:11     | Killed Amaemon
 19007 | D:11     | Noticed Josephine
 19017 | D:11     | Reached ***** piety under Trog
 19023 | D:11     | Killed Josephine
 19036 | D:11     | Reached skill level 10 in Maces & Flails
 19068 | D:11     | Reached XP level 15. HP: 54/94 MP: 15/15
 19197 | D:11     | Identified the +4 trident "Nory" {freeze, Int+3 SInv
                  | Stlth+}
 19407 | D:12     | Reached skill level 1 in Shields
 19413 | D:12     | Received a gift from Trog
 19958 | D:12     | Reached skill level 13 in Armour
 20364 | D:12     | Found Lubiptec's Fire Supplies.
 20376 | D:12     | Identified the ring of Xom's Ringing Laughter {rF+ rC+}
 21281 | D:14     | Found a gate to the Vaults.
 21589 | D:14     | HP: 3/142 [skeletal warrior/+0 dire flail[a death knight]
                  | (10)]
 21592 | D:14     | Mangled by a skeletal warrior

Illustrated notes

Levels and vault maps discovered:
D:1:      saegor_arrival_simple_d, layout_loops_ring, serial_shops, shop,
          nicolae_shop_industrial_runoff, minmay_shallow_snake_nest
D:2:      layout_basic, minmay_pentomino_w2, uniq_sigmund
D:3:      layout_loops_ring, lemuel_round_altar, minmay_circle_x, uniq_ijyb
D:4:      layout_loops_cross, ebering_ghost_reflecting_pool, uniq_menkaure
D:5:      layout_loops_corners, pdpol_temple_overflow_zin_treasury_gozag_greed,
          mainiacjoe_overflow_alcove_2, mainiacjoe_overflow_big_doors,
          hangedman_decor_growths
D:6:      layout_cave_pools, nicolae_tso_carved_into_rock,
          nicolae_vehumet_altar_sigil, hangedman_abyss_or_decor_stagger
D:7:      layout_loops_ring, minmay_temple_entry_wispy,
          mainiacjoe_ossuary_entry_dusty_tomb, serial_shops, shop,
          uniq_jeremiah, uniq_maggie
D:8:      layout_loops_ring, grunt_qazlal_sundering, lair_entry_dummy,
          serial_undead, serial_undead_d, serial_undead_e, serial_undead_e,
          serial_undead_b, serial_undead_c
D:9:      layout_basic, nicolae_ru_path_of_blood, okawaru_humans, erik_orc_4,
          enter_bailey_5, serial_shops, kennysheep_mini
D:10:     layout_cave_pools, mainiacjoe_overflow_tiny_flanked,
          gammafunk_ghost_stat_death
D:11:     dragon1_lemuel, layout_loops_corners, uniq_amaemon, uniq_josephine
D:12:     layout_cave_pools, serial_column_ruins, column_ruins_circle_small,
          column_ruins_circle_small, column_ruins_grid_1,
          column_ruins_columns_straight, column_ruins_columns_plus,
          column_ruins_corridor_corner, column_ruins_open_large,
          nicolae_shop_fire_sale [nicolae_sub_dead_trees]
D:13:     layout_big_octagon, serial_ice, serial_ice_o, serial_ice_e,
          serial_ice_i, serial_ice_m, moated_statue, kennysheep_cross_room
D:14:     layout_roguey, lightli_vaults_fourway_checkpoint, enter_trove_5,
          portal_ice_cave_entry_ugly_swarm, hangedman_decor_lopped,
          chequers_guarded_unrand_ignorance, uniq_rupert
Lair:1:   layout_hall_layers, st_stairs_8, grunt_megastairs_2,
          infiniplex_staircase_pool_2
Lair:2:   hangedman_what_comes_after_a, layout_loops_ring, serial_bayou_shore_b
Lair:3:   layout_hall_layers, alex1729_swamp_entry_worm_eleionoma,
          nicolae_spider_entry_orb_guardian, special_room [special_room_bee],
          serial_forest, infiniplex_forest_clump_double,
          infiniplex_forest_clump_small, infiniplex_forest_straight_3,
          infiniplex_forest_lined_1, infiniplex_forest_corner_1,
          infiniplex_forest_end_1, infiniplex_forest_lined_corner,
          infiniplex_forest_straight_2, infiniplex_forest_straight_3,
          lemuel_fruit_fields
Lair:4:   layout_roguey, nicolae_slime_entry_field_trip, grunt_megastairs_4
Lair:5:   guppyfry_lair_end_dragon, layout_regular_city,
          hangedman_lair_in_review

Skill      XL: |  1  2  3  4  5  6  7  8  9 10 11 12 13 14 15 |
---------------+----------------------------------------------+-----
Axes           | 3 4 5 6 8 9 |  9.4
Dodging        | 2 3 4 5 6 7 8 9 10 | 10.9
Fighting       | 4 5 6 7 8 9 10 11 | 11.5
Stealth        | 1 2 3 4 |  4.2
Polearms       | 1 3 5 7 9 10 | 10.5
Armour         | 4 6 7 8 9 10 11 12 13 | 13.4
Maces & Flails | 6 10 11 | 11.4
Shields        | 2 |  2.1
Throwing       | |  0.4

Action                     |  1- 3 |  4- 6 |  7- 9 | 10-12 | 13-15 || total
---------------------------+-------+-------+-------+-------+-------++-------
  Melee: Hand axe          |    55 |    32 |       |   441 |    21 ||   549
         Halberd           |       |    85 |   353 |   374 |       ||   812
         Punch             |       |       |       |     5 |     1 ||     6
         Great mace        |       |       |       |       |   733 ||   733
  Throw: Dart              |       |       |       |       |    14 ||    14
 Invoke: Berserk           |     3 |     3 |    10 |    15 |    15 ||    46
         Trog's Hand       |       |       |     4 |    17 |    12 ||    33
         Brothers in Arms  |       |       |       |       |     7 ||     7
  Evoke: Wand              |       |       |       |     1 |       ||     1
    Use: Scroll            |     1 |     7 |     8 |    16 |     8 ||    40
         Potion            |       |     1 |       |     6 |     1 ||     8
   Stab: Sleeping          |       |     3 |       |       |     5 ||     8
         Distracted        |       |       |     1 |       |     1 ||     2
         Confused          |       |       |       |       |     1 ||     1
 Armour: Animal skin       |    41 |    39 |       |       |       ||    80
         Plate armour      |       |    57 |   328 |       |       ||   385
         Swamp dragon scal |       |       |    88 |   706 |   820 ||  1614
  Dodge: Dodged            |    44 |    53 |   174 |   594 |   868 ||  1733
  Block: Other             |       |       |       |       |   101 ||   101
         Reflection        |       |       |       |       |     8 ||     8

Table legend: (Time is in decaauts)
 A = Elapsed time spent in this place.
 B = Non-inter-level travel time spent in this place.
 C = Inter-level travel time spent in this place.
 D = Time resting spent in this place.
 E = Time spent auto-exploring this place.
 F = Levels seen in this place.
 G = Mean time per level.
                   A        B        C        D        E       F      G
               +--------+--------+--------+--------+--------+-----+--------+
         Total |  22222 |  21646 |    576 |   3071 |  13229 |  20 | 1111.1 |
       Dungeon |  13381 |  13025 |    356 |   1302 |   8541 |  14 |  955.8 |
          Lair |   8229 |   8009 |    220 |   1670 |   4485 |   5 | 1645.8 |
       Ossuary |    611 |    611 |      0 |     99 |    201 |   1 |  611.0 |
               +--------+--------+--------+--------+--------+-----+--------+

Top non-repeatable levels by time:
  Lair:5: 2278 daAuts
  Lair:2: 1969 daAuts
    D:11: 1755 daAuts
  Lair:4: 1423 daAuts
     D:8: 1330 daAuts
  Lair:3: 1285 daAuts
  Lair:1: 1271 daAuts
     D:7: 1161 daAuts
     D:3: 1122 daAuts
     D:9: 1116 daAuts
     D:5: 953 daAuts
     D:4: 952 daAuts
     D:2: 941 daAuts
     D:1: 893 daAuts
    D:13: 848 daAuts
